Map: Central Protocol

Players

juhyg - Winner!

  • Race: Zerg Zerg
  • League: Bronze

Wraith

  • Race: Protoss Protoss

VOD

Have the link to the VOD?

Description

Time

  • Played on: Nov. 17, 2015, 8:48 p.m.
  • Length: 13:25
Show
View Real Time Build Order
Export as new Build Order

juhyg Zerg - Winner!

Build Orders: Pool First 

Get SALT Encoding   

  12  0:11  Drone  
  12  0:12  Drone  
  14  0:16  Overlord  
  14  0:30  Extractor  
  14  0:35  Drone  
  14  0:42  Spawning Pool  
  13  0:53  Drone x2  
  15  1:00  Overlord  
  15  1:08  Drone  
  16  1:16  Drone  
  17  1:27  Drone  
  17  1:31  Metabolic Boost  
  18  1:36  Queen  
  20  1:41  Drone  
  21  1:51  Drone  
  22  2:03  Overlord  
  22  2:14  Roach Warren  
  21  2:19  Drone, Extractor  
  21  2:20  Lair  
  21  2:22  Drone  
  22  2:34  Overlord  
  23  2:51  Zergling x6  
  23  2:52  Zergling x2  
  26  3:07  Drone  
  27  3:22  Roach x4  
  35  3:28  Drone  
  36  3:44  Glial Reconstitution  
  36  3:58  Roach x2  
  40  4:11  Hatchery  
  39  4:34  Drone x6  
  44  5:12  Overlord x3  
  44  5:38  Drone x6  
  44  5:39  Queen  
  52  6:05  Infestation Pit  
  52  6:08  Hydralisk Den  
  50  6:15  Zergling x4  
  50  6:16  Zergling x10  
  50  6:17  Zergling x2  
  59  6:32  Zergling x2  
  59  6:33  Zergling x2  
  59  6:38  Muscular Augments  
  60  7:09  Hydralisk x6  
  60  7:10  Hydralisk x2  
  76  7:29  Hatchery  
  75  7:30  Hive  
  75  7:41  Overlord x5  
  75  7:42  Overlord x6  
  75  7:43  Overlord  
  75  8:18  Hydralisk x7  
  75  8:19  Hydralisk  
  91  8:34  Roach  
  91  8:35  Roach x4  
  91  8:39  Lurker Den  
  101  8:47  Adrenal Glands  
  101  9:16  Drone x6  
  101  9:17  Overlord x3  
  107  9:18  Overlord  
  107  9:38  Roach x4  
  113  9:39  Roach  
  117  9:49  Extractor  
  116  10:04  Pneumatized Carapace  
  116  10:44  Hydralisk x3  
  116  10:45  Hydralisk x6  
  116  10:46  Hydralisk  
  116  10:47  Zergling x10  
  116  10:48  Zergling x6  
  95  11:27  Lurker x3  
  95  11:30  Zergling x6  
  95  11:31  Zergling x12  
  107  12:35  Overseer  
  107  12:36  Overseer  
  107  12:37  Overseer  
Show
View Real Time Build Order
Export as new Build Order

Wraith Protoss 

Build Orders: Zealot Archon 

Get SALT Encoding   

  12  0:02  Probe (Chrono Boost)  
  13  0:12  Probe (Chrono Boost)  
  14  0:20  Pylon  
  14  0:25  Probe (Chrono Boost)  
  15  0:30  Assimilator  
  15  0:45  Gateway  
  15  0:54  Probe (Chrono Boost)  
  16  1:05  Probe (Chrono Boost)  
  17  1:26  Probe (Chrono Boost)  
  18  1:34  Cybernetics Core  
  18  1:36  Probe (Chrono Boost)  
  19  1:42  Assimilator  
  19  1:45  Zealot  
  21  1:55  Pylon  
  21  2:11  Forge, Warp Gate (Chrono Boost)  
  23  2:21  Adept  
  23  2:25  Probe  
  26  2:37  Mothership Core  
  26  2:46  Protoss Ground Weapons Level 1  
  26  2:48  Adept  
  28  3:01  Pylon  
  28  3:05  Twilight Council  
  28  3:08  Probe  
  29  3:15  Adept  
  31  3:20  Probe  
  32  3:43  Zealot  
  34  4:10  Pylon, Stalker  
  36  4:17  Charge (Chrono Boost)  
  36  4:40  Stalker  
  36  4:41  Protoss Ground Armor Level 1  
  32  5:11  Gateway  
  32  5:12  Gateway  
  32  5:13  Gateway  
  32  5:52  Blink (Chrono Boost)  
  32  6:00  Dark Shrine  
  32  6:19  Stalker, Zealot x2  
  32  6:20  Stalker  
  32  6:24  Pylon  
  40  6:34  Protoss Ground Weapons Level 2  
  40  6:44  Stalker, Zealot x2  
  40  6:45  Stalker  
  48  7:09  Pylon  
  48  7:16  Dark Shrine  
  48  7:33  Dark Templar x2  
  52  7:37  Resonating Glaives (Chrono Boost)  
  52  7:43  Archon  
  52  7:50  Zealot  
  52  7:51  Sentry  
  56  8:09  Zealot, Sentry  
  60  8:18  Stalker  
  62  8:51  Pylon  
  62  8:53  Pylon  
  62  9:11  Dark Templar  
  62  9:13  Dark Templar  
  66  9:22  Archon  
  66  9:27  Sentry  
  68  9:33  Zealot  
  70  9:49  Dark Templar  
  72  9:57  Zealot  
  72  9:58  Stalker  
  76  10:23  Dark Templar  
  26  11:13  Dark Templar x2  
  30  11:33  Dark Templar  
  32  11:55  Dark Templar  
Tags
 
Add a new tag
Caveats
  • Supply blocks, unpowered buildings, or Contaminate may cause inaccurate times.
  • Supply counts are checked every 10 seconds.